 Dungeon Crawl Stone Soup version 0.19-b1-4-gd8a0a2a (webtiles) character file.

1252 Kullungy the Cleaver (level 8, -4/105 HPs)
             Began as a Minotaur Berserker on Oct 30, 2016.
             Was an Elder of Trog.
             Slain by an orc warrior
             ... wielding a +0 scimitar
              (12 damage)
             ... on level 6 of the Dungeon.
             The game lasted 00:40:35 (5389 turns).

Kullungy the Cleaver (Minotaur Berserker)           Turns: 5389, Time: 00:40:35

Health: -4/105     AC:  7    Str: 30    XL:     8   Next: 26%
Magic:  0/7        EV: 12    Int:  4    God:    Trog [****..]
Gold:   225        SH:  0    Dex:  9    Spells: 0 memorised, 7 levels left

rFire  . . .     SeeInvis .     B - -3 mace (curse)
rCold  . . .     Gourm    .     q - +0 ring mail
rNeg   . . .     Faith    .     (no shield)
rPois  .         Spirit   +     (helmet restricted)
rElec  .         Reflect  .     (no cloak)
rCorr  .         Harm     .     (no gloves)
MR     .....                    f - +0 pair of boots
Stlth  ..........               M - amulet of guardian spirit
                                (no ring)
                                (no ring)

@: berserking (expiring), very quick
A: retaliatory headbutt, horns 2
a: Berserk, Trog's Hand, Brothers in Arms, Burn Spellbooks, Renounce Religion


You were on level 6 of the Dungeon.
You worshipped Trog.
Trog was greatly pleased with you.
You were full.

You visited 1 branch of the dungeon, and saw 6 of its levels.
You also visited: Ossuary.

You collected 225 gold pieces.

Inventory:

Hand Weapons
 e - a +0 shortbow
 m - a +0 hunting sling
 n - a +0 rapier
 p - a +0 giant spiked club
 t - a +0 long sword
 w - a +0 club
 x - a +0 quarterstaff
 z - a -2 hand axe
 B - a cursed -3 mace (weapon)
 C - a +2 whip of electrocution
 D - a +0 trident
 F - a +0 broad axe
 J - a +0 blowgun
 W - the cursed +1 dagger "Morhan" {elec, Dex+2, unknown}
   (You found it on level 6 of the Dungeon)

   Occasionally, upon striking a foe, it will discharge some electrical energy
   and cause terrible harm.
   It affects your dexterity (+2).
   It has a curse placed upon it.
 X - a +0 flail
Missiles
 r - 10 tomahawks
 s - 35 bolts
 u - 2 javelins
 v - 181 stones (quivered)
 G - 12 arrows
 L - 15 poisoned needles
 N - 18 sling bullets
Armour
 b - a +0 animal skin
 f - a +0 pair of boots (worn)
 i - a +0 leather armour
 q - a +0 ring mail (worn)
 E - a +0 scale mail
 Z - a +0 chain mail
Jewellery
 M - an amulet of guardian spirit (around neck)
Wands
 h - a wand of flame (47/48)
 O - a wand of teleportation (2/9)
Scrolls
 a - a scroll of teleportation
 k - a scroll of enchant weapon
 y - a scroll of fog
 K - a scroll of vulnerability {unknown}
 P - a scroll of immolation
 R - a scroll of magic mapping
 U - 2 scrolls of fear
Potions
 g - a potion of ambrosia
 j - a potion of heal wounds
 o - 3 potions of curing
 A - a potion of flight
 H - a potion of haste
 Q - 4 potions of brilliance
Comestibles
 c - 4 bread rations
 d - 17 chunks of flesh
 l - 3 beef jerkies
 I - a slice of pizza


   Skills:
 + Level 6.3 Fighting
 + Level 8.9 Axes
 + Level 1.0(5.6) Maces & Flails
 + Level 5.6 Armour
 + Level 4.1 Dodging
 + Level 1.4 Stealth


You had 7 spell levels left.
You didn't know any spells.

Dungeon Overview and Level Annotations

Branches:
Dungeon (6/15)
 Temple: D:4-7

Altars:
Qazlal

Shops:
D:5 }


Innate Abilities, Weirdness & Mutations

You reflexively headbutt those who attack you in melee.
You have a pair of horns on your head.


Message History

The orc wizard gestures wildly while chanting.
The orc wizard blinks!
The orc priest calls upon Beogh to heal the orc warrior.
The orc warrior is healed somewhat.
You sock the orc warrior!
The orc warrior is heavily wounded.
The orc warrior misses you.
You thump the orc priest! Your headbutt misses the orc priest.
The orc priest is heavily wounded.
The orc warrior hits you with a scimitar!
* * * LOW HITPOINT WARNING * * *
You barely miss the orc priest.
The orc priest is heavily wounded.
The orc priest hits you with a club.
* * * LOW HITPOINT WARNING * * *
You hit the orc priest but do no damage.
Your headbutt misses the orc priest.
The orc priest is heavily wounded.
The orc warrior hits you with a scimitar!
You die...

.........#######.....#.##
..>......# #........#
.........# #........#
.........# #........#
....>....# ##.....#.#
########## ##.....#.# .
##........#
?...#..[......##
....o.o@........
...!###o.....### ....
##...#.# $# #####.# #


You could see an orc warrior, an orc priest and an orc wizard.

Vanquished Creatures
  Menkaure (D:4)
  3 ogres
  A phantom (D:4)
  A centaur (D:5)
  3 water moccasin zombies (Ossuary)
  A howler monkey (D:6)
  2 hounds
  2 orc priests (D:5)
  A bullfrog skeleton (D:5)
  A gnoll shaman (D:6)
  2 worker ants (D:4)
  A hound zombie (D:4)
  2 mummies (Ossuary)
  4 gnolls (D:6)
  6 adders
  A shadow imp (D:6)
  3 oozes
  5 adder zombies
  A dart slug (D:1)
  3 leopard geckos
  15 orcs
  7 giant cockroaches
  7 goblins
  7 hobgoblins
  7 jackals
  2 quokkas
  A ball python (D:4)
  7 bats
  10 frilled lizards
  2 gnoll zombies (Ossuary)
  6 hobgoblin zombies (Ossuary)
  11 kobolds
  3 kobold zombies (Ossuary)
  5 orc zombies (Ossuary)
  7 rats
141 creatures vanquished.

Vanquished Creatures (others)
  A goblin (D:1)
1 creature vanquished.

Grand Total: 142 creatures vanquished

Notes
Turn   | Place    | Note
-------+----------+-------------------------------------------
     0 | D:1      | Kullungy the Minotaur Berserker began the quest for the Orb.
     0 | D:1      | Reached XP level 1. HP: 19/19 MP: 0/0
    93 | D:1      | Reached XP level 2. HP: 27/27 MP: 1/1
   406 | D:1      | Reached skill level 4 in Axes
   489 | D:1      | Reached ** piety under Trog
   705 | D:1      | Reached XP level 3. HP: 33/34 MP: 2/2
  1436 | D:2      | Reached XP level 4. HP: 40/41 MP: 3/3
  1667 | D:2      | Gained mutation: Your body sometimes deteriorates upon taking damage. [potion of mutation]
  1667 | D:2      | Gained mutation: You have large cloven feet. [potion of mutation]
  1667 | D:2      | Gained mutation: Your natural rate of healing is unusually fast. [potion of mutation]
  1668 | D:2      | Lost mutation: Your body sometimes deteriorates upon taking damage. [potion of cure mutation]
  1668 | D:2      | Lost mutation: You have large cloven feet. [potion of cure mutation]
  1668 | D:2      | Lost mutation: Your natural rate of healing is unusually fast. [potion of cure mutation]
  1897 | D:2      | Reached skill level 5 in Axes
  2184 | D:3      | Reached XP level 5. HP: 41/47 MP: 4/4
  2991 | D:4      | Reached *** piety under Trog
  2991 | D:4      | Reached skill level 5 in Fighting
  3196 | D:4      | Noticed Menkaure
  3205 | D:4      | Killed Menkaure
  3205 | D:4      | Reached skill level 6 in Axes
  3205 | D:4      | Reached XP level 6. HP: 56/56 MP: 5/5
  3894 | D:4      | Reached skill level 7 in Axes
  3894 | D:4      | Reached XP level 7. HP: 53/61 MP: 6/6
  4227 | D:5      | Entered Level 5 of the Dungeon
  4330 | D:5      | Found Godwicaz's Gadget Boutique.
  4385 | D:5      | Reached skill level 1 in Stealth
  4442 | D:5      | HP: 2/62 [centaur (7)]
  4607 | D:5      | Reached skill level 8 in Axes
  4810 | D:5      | Reached skill level 5 in Armour
  4910 | D:6      | Found a sand-covered staircase.
  4916 | D:6      | Got a pitted dagger
  4920 | D:6      | Found a stormy altar of Qazlal.
  4984 | Ossuary  | Entered an ossuary
  5076 | Ossuary  | Reached XP level 8. HP: 56/70 MP: 7/7
  5098 | Ossuary  | Reached **** piety under Trog
  5321 | D:6      | Reached skill level 1 in Maces & Flails
  5389 | D:6      | Slain by an orc warrior

Skill      XL: |  1  2  3  4  5  6  7  8 |
---------------+-------------------------+-----
Fighting       | 4 5 6 |  6.3
Axes           | 4 5 6 7 8 |  8.9
Armour         | 3 4 5 |  5.6
Dodging        | 3 4 |  4.1
Stealth        | 1 |  1.4
Maces & Flails | 1 |  1.0

Action                   |  1- 3 |  4- 6 |  7- 9 || total
-------------------------+-------+-------+-------++-------
Melee: Hand axe          |    73 |       |   112 ||   185
       Headbutt          |    12 |    19 |    33 ||    64
       Broad axe         |       |   101 |    26 ||   127
       Mace              |       |       |    26 ||    26
Invok: Berserk           |       |     1 |     2 ||     3
       Trog's Hand       |       |       |     1 ||     1
  Use: Potion            |     2 |     5 |     6 ||    13
       Scroll            |     2 |     6 |     6 ||    14
  Eat: Bread ration      |     1 |       |     3 ||     4
       Meat ration       |       |     1 |       ||     1
       Chunk             |       |     1 |       ||     1
Armor: Animal skin       |     7 |       |       ||     7
       Leather armour    |    15 |       |       ||    15
       Ring mail         |       |    47 |    65 ||   112
Dodge: Dodged            |    52 |    60 |    96 ||   208
